 Seeded DCSS version 0.29.0 (webtiles) character file.

Game seed: 1 (custom seed)

37 Kazon the Trooper (level 3, 0/24 HPs)
             Began as a Gargoyle Berserker on Aug 24, 2022.
             Was a Follower of Trog.
             Slain by a gnoll
             ... wielding a +0 halberd
              (11 damage)
             ... on level 2 of the Dungeon.
             The game lasted 00:03:26 (1044 turns).

Kazon the Trooper (Gargoyle Berserker)              Turns: 1044, Time: 00:03:27

Health: 0/24       AC:  5    Str: 20    XL:     3   Next: 41%
Magic:  12/12      EV: 12    Int:  7    God:    Trog [*.....]
Gold:   134        SH:  0    Dex: 11    Spells: 2/2 levels left

rFire   . . .      SeeInvis .   a - +0 mace
rCold   . . .      Faith    .   (no shield)
rNeg    + . .      Spirit   .   b - +0 animal skin
rPois   ∞          Reflect  .   (no helmet)
rElec   +          Harm     .   (no cloak)
rCorr   .          Rampage  .   (no gloves)
Will    .....                   (no boots)
Stlth   +.........              j - amulet of regeneration
HPRegen 0.88/turn               c - ring "Totz" {rElec MP+9}
MPRegen 0.13/turn               (no ring)

@: no status effects
A: sickness immunity, AC +3, negative energy resistance 1, electricity
resistance, torment resistance 1, petrification resistance
a: Renounce Religion, Berserk


You were on level 2 of the Dungeon.
You worshipped Trog.
Trog was aware of your devotion.
You visited 1 branch of the dungeon, and saw 3 of its levels.

You collected 134 gold pieces.

Inventory:

Hand Weapons
 a - a +0 mace (weapon)
Missiles
 d - 8 stones
 i - 6 poisoned darts (quivered)
Armour
 b - a +0 animal skin (worn)
Jewellery
 c - the ring "Totz" (left hand) {rElec MP+9}
   (You acquired it on level 1 of the Dungeon)

   [ring of magical power]

   rElec:     It insulates you from electricity.
   MP:        It affects your magic capacity (+9).
 j - an amulet of regeneration (around neck)
Scrolls
 h - a scroll of identify {unknown}
Potions
 e - a potion of haste {unknown}
 f - a potion of flight {unknown}
 g - a potion of attraction {unknown}


   Skills:
 + Level 3.9 Fighting
 + Level 3.6 Maces & Flails
 + Level 2.4 Armour
 + Level 1.7 Dodging


You had 2 spell levels left.
You didn't know any spells.
Your spell library was empty.

Dungeon Overview and Level Annotations

Branches:
Dungeon (3/15)

Altars:

Shops:
D:3 (


Innate Abilities, Weirdness & Mutations

You are immune to sickness and miasma.
Your stone body is resilient. (AC +3)
You are immune to poison.
You resist negative energy. (rN+)
You are resistant to electric shocks. (rElec)
You are resistant to unholy torment.
You are immune to petrification.


Message History

The worm is moderately wounded.
The worm misses you.
You hit the worm.
The worm is heavily wounded.
You sock the worm!
The worm is almost dead.
The worm bites you.
You sock the worm!
You kill the worm!
Trog accepts your kill.
You see here a worm corpse.
Found a stone staircase leading up.
d - 8 stones (gained 5)
You now have 134 gold pieces (gained 13).
A gnoll comes into view.
It is wielding a +0 spear. 2 gnolls come into view.
A ball python and an endoplasm come into view.
The ball python hisses angrily.
The gnoll shouts!
You hear a shout!
The endoplasm moves out of view.
A kobold comes into view. It is wielding a +0 dagger.
The ball python bites you. The ball python grabs you.
The ball python constricts you.
You escape the ball python's grasp.
Throw: 7 darts (poison)
Press: ? - help, Q - select action, (/) - cycle Shift-Dir - straight line, f - ball python
Aim: a ball python (52% to hit)
You throw a poisoned dart.
The poisoned dart closely misses the ball python.
The poisoned dart barely misses the kobold.
The ball python bites you. The ball python misses you.
You thump the ball python!
You kill the ball python!
Trog accepts your kill. The gnoll completely misses you.
The gnoll hits you with a +0 halberd!
Ouch! That really hurt!
You sock the gnoll!
The gnoll is severely wounded.
The gnoll hits you with a +0 halberd!
You die...

#....... ..#.#(# #
#.#.#.#.# #.#
######.#.#.#.# #.#
#............# #.#
#.##.....gK### #.#
#.##..####g# #<#
#.##..# #g# #.#
#.##..# #@# #.#
#.##..####.#
#.#####..........#
.......>##..######
####....##..#
............#
.#########.## .#
#.# .# #.#


You could see 3 gnolls and a kobold.

Vanquished Creatures
  An adder (D:2)
  A worm (D:2)
  4 endoplasms (D:1)
  A giant cockroach (D:1)
  4 goblins (D:1)
  3 hobgoblins
  2 kobolds
  A quokka (D:1)
  A ball python (D:2)
  2 bats
  3 rats (D:1)
23 creatures vanquished.

Notes
Turn   | Place    | Note
-------+----------+-------------------------------------------
     0 | D:1      | Kazon the Gargoyle Berserker began the quest for the Orb.
     0 | D:1      | Reached XP level 1. HP: 14/14 MP: 1/1
    32 | D:1      | Identified a scroll of acquirement
    32 | D:1      | Acquired the ring "Totz" {rElec MP+9}
   184 | D:1      | Reached XP level 2. HP: 19/19 MP: 2/2
   898 | D:3      | Found Umat's Antique Weapon Boutique.
   959 | D:2      | Reached XP level 3. HP: 22/24 MP: 3/3
  1044 | D:2      | Slain by a gnoll

Illustrated notes

Levels and vault maps discovered:
D:1:      dpeg_arrival_three_smaller_balls, layout_basic
D:2:      layout_loops_ring
D:3:      layout_basic, serial_shops, nicolae_shop_stone, st_stairs_7

Action                   || total
-------------------------++-------
Melee: Mace              ||    51
Throw: Dart              ||     1
  Use: Scroll            ||     1
Armor: Animal skin       ||    19
Dodge: Dodged            ||    50
